 Dungeon Crawl Stone Soup version 0.29.1-15-g9cfb28693d (webtiles) character file.

Game seed: 8578770499662736247

96 Ashen the Caller (level 4, -5/42 HPs)
             Began as an Ogre Summoner on July 30, 2023.
             Splashed by a jelly's acid (7 damage)
             ... on level 3 of the Dungeon.
             The game lasted 00:04:43 (2842 turns).

Ashen the Caller (Ogre Summoner)                    Turns: 2842, Time: 00:04:44

Health: -5/42      AC: -3    Str: 12    XL:     4   Next: 67%
Magic:  15/17      EV: 10    Int: 18    God:
Gold:   190        SH:  0    Dex:  9    Spells: 0/9 levels left

rFire   . . .      SeeInvis .   n - +2 short sword (venom)
rCold   . . .      Faith    .   (no shield)
rNeg    . . .      Spirit   .   a - +0 robe
rPois   .          Reflect  .   (helmet restricted)
rElec   .          Harm     .   q - +1 cloak
rCorr   .          Rampage  .   (gloves unavailable)
Will    .....                   (boots unavailable)
Stlth   ++........              (no amulet)
HPRegen 0.14/turn               h - ring of magical power
MPRegen 0.15/turn               (no ring)

@: corroded
A: large, unfitting armour, tough skin 1
a: no special abilities


You were on level 3 of the Dungeon.
You visited 1 branch of the dungeon, and saw 3 of its levels.

You collected 190 gold pieces.

Inventory:

Hand Weapons
 e - a +0 flail
 n - a +2 short sword of venom (weapon)
Armour
 a - a +0 robe (worn)
 q - a +1 cloak (worn)
Jewellery
 h - a ring of magical power (left hand)
Wands
 l - a wand of light (11)
 s - a wand of paralysis (6)
Scrolls
 c - a scroll of vulnerability {unknown}
 d - 3 scrolls of immolation {unknown}
 f - 3 scrolls of identify {unknown}
 g - a scroll of teleportation {unknown}
 i - a scroll of noise {unknown}
 k - a scroll of silence {unknown}
 m - a scroll of poison {unknown}
Potions
 b - a potion of magic
 j - a potion of flight {unknown}
 o - a potion of degeneration {unknown}
 p - a potion of ambrosia {unknown}
 r - a potion of brilliance {unknown}


   Skills:
 + Level 1.7 Fighting
 + Level 0.9 Maces & Flails
 + Level 2.4 Dodging
 + Level 2.0 Stealth
 + Level 3.1 Spellcasting
 + Level 4.0 Summonings


You couldn't memorise any spells.
You knew the following spells:

 Your Spells              Type           Power      Damage    Failure   Level
a - Summon Small Mammal   Summ           68%        N/A       3%          1
b - Call Imp              Summ           17%        N/A       4%          2
c - Call Canine Familiar  Summ           17%        N/A       9%          3
d - Summon Guardian Gole  Hex/Summ       10%        N/A       22%         3

Your spell library contained the following spells:

 Spells                   Type           Power      Damage    Failure   Level
 Frozen Ramparts          Ice            4%         1d1       43%         3
 Summon Ice Beast         Ice/Summ       10%        N/A       56%         4
 Summon Lightning Spire   Summ/Air       10%        N/A       56%         4
 Ice Form                 Ice/Tmut       2%         N/A       85%         4


Dungeon Overview and Level Annotations

Branches:
Dungeon (3/15)

Altars:

Annotations:
D:2 Sigmund


Innate Abilities, Weirdness & Mutations

You are too large for most types of armour.
You have tough skin. (AC +1)


Message History

Found 3 stones.
You see here 3 stones.
A rat comes into view.
A rat is nearby!
The helpless rat fails to defend itself.
You hit the rat.
You kill the rat!
A bat comes into view.
A bat is nearby!
The bat hits you but does no damage.
You hit the bat.
The bat is poisoned.
The bat is heavily wounded.
You kill the bat!
No target in view!
No target in view!
You see here a +0 falchion.
A jelly comes into view.
A jelly is nearby!
The jelly quivers.
You hit the jelly.
Your hands burn!
The jelly is lightly wounded.
The jelly hits you but does no damage.
You hit the jelly. The acid corrodes you!
Your hands burn!
The jelly is moderately wounded.
The jelly hits you.
You are splashed with acid!
You hit the jelly.
Your hands burn!
The jelly is moderately wounded.
The jelly hits you. The acid corrodes you!
You are splashed with acid!
* * * LOW HITPOINT WARNING * * *
Casting: Call Imp (safe; 4% risk of failure)
Confirm with . or Enter, or press ? or * to list all spells.
A beastly little devil appears in a puff of flame.
The jelly hits you.
* * * LOW HITPOINT WARNING * * *
You are splashed with acid!
* * * LOW HITPOINT WARNING * * *
The jelly attacks as you move away! The jelly hits you.
* * * LOW HITPOINT WARNING * * *
The acid corrodes you!
You are splashed with acid!
You die...

#...# #####.####.##
#..... ##.##
.......##...###.####
##...## #....###..#.#
#.....# ####..##
#....### ##...##
#.....# #......##
####.....######..#.#
#........
###.#......)#.####.##.#
#..##.#.#
.#.............#.#.#
#...#...###.
..............5.@J.#
##.####.# #
.#.............#.###
#... .#
###.#.......#.#### #. #
# # ####.....#### #.
### ##...## #. ..##
#.....# #..# ##...##
##.# ##.## #.# #...#


You could see a jelly (ally target) and a friendly crimson imp (summoned).

Vanquished Creatures
  3 adders
  A dart slug (D:3)
  5 ball pythons
  3 bats
  2 endoplasms
  2 giant cockroaches
  2 hobgoblins (D:1)
  3 quokkas
  3 frilled lizards
  3 kobolds
  4 rats
31 creatures vanquished.

Vanquished Creatures (collateral kills)
  2 adders (D:2)
  A worm (D:2)
  A dart slug (D:1)
  4 endoplasms
  A quokka (D:1)
  3 ball pythons (D:1)
  A frilled lizard (D:1)
  A rat (D:1)
14 creatures vanquished.

Grand Total: 45 creatures vanquished

Notes
Turn   | Place    | Note
-------+----------+-------------------------------------------
     0 | D:1      | Ashen the Ogre Summoner began the quest for the Orb.
     0 | D:1      | Reached XP level 1. HP: 16/16 MP: 3/3
   275 | D:1      | Reached XP level 2. HP: 7/24 MP: 3/5
   535 | D:1      | Learned a level 2 spell: Call Imp
   825 | D:1      | Reached XP level 3. HP: 28/32 MP: 7/7
  1257 | D:1      | Found a faded altar of an unknown god.
  1347 | D:2      | Reached skill level 1 in Fighting
  1571 | D:2      | Learned a level 3 spell: Call Canine Familiar
  1804 | D:2      | Reached XP level 4. HP: 41/41 MP: 8/8
  2056 | D:2      | Reached skill level 4 in Summonings
  2149 | D:2      | Noticed Sigmund
  2438 | D:3      | Learned a level 3 spell: Summon Guardian Golem
  2842 | D:3      | HP: 2/42 [jelly (1)]
  2842 | D:3      | Splashed by a jelly's acid

Illustrated notes

Levels and vault maps discovered:
D:1:      minmay_arrival_plants_in_alcoves, layout_basic,
          chequers_ecumenical_altar_twisty, minmay_misc_feat_tower,
          minmay_fountain_box
D:2:      layout_loops_ring, uniq_sigmund
D:3:      layout_loops_ring, nicolae_figureground_sparkle

Skill      XL: |  1  2  3  4 |
---------------+-------------+-----
Dodging        | 2 |  2.4
Fighting       | 1 |  1.7
Spellcasting   | 3 |  3.1
Summonings     | 4 |  4.0
Stealth        | 2 |  2.0
Maces & Flails | |  0.9

Action                   |  1- 3 |  4- 6 || total
-------------------------+-------+-------++-------
Melee: Flail             |    69 |       ||    69
       Unarmed           |     1 |       ||     1
       Punch             |     1 |       ||     1
       Short sword       |     4 |    29 ||    33
 Cast: Summon Small Mamm |     9 |       ||     9
       Call Imp          |    14 |     1 ||    15
 Stab: Sleeping          |     4 |     1 ||     5
Armor: Robe              |    24 |     9 ||    33
Dodge: Dodged            |    48 |     9 ||    57
